 Dungeon Crawl Stone Soup version 0.29.1-15-g9cfb28693d (webtiles) character file.

Game seed: 6440197505066253486

853 protoss039 the Trooper (level 7, 0/55 HPs)
             Began as a Demonspawn Earth Elementalist on Mar 12, 2023.
             Was an Initiate of Vehumet.
             Succumbed to an orc wizard's poison
             ... on level 4 of the Dungeon.
             The game lasted 00:07:29 (4356 turns).

protoss039 the Trooper (DsEE)                       Turns: 4356, Time: 00:07:30

Health: 0/55       AC:  8    Str: 13    XL:     7   Next: 70%
Magic:  2/12       EV: 12    Int: 23    God:    Vehumet [......]
Gold:   225        SH:  5    Dex: 12    Spells: 7/13 levels left

rFire   . . .      SeeInvis .   g - +2 dagger (drain)
rCold   + . .      Faith    .   (no shield)
rNeg    . . .      Spirit   .   u - +2 robe {rC+}
rPois   .          Reflect  +   (no helmet)
rElec   .          Harm     .   (no cloak)
rCorr   .          Rampage  .   (no gloves)
Will    .....                   (no boots)
Stlth   ++........              s - amulet of reflection
HPRegen 0.18/turn               r - +6 ring of intelligence
MPRegen 0.13/turn               v - +4 ring of protection

@: brilliant, lethally poisoned (0 -> -20), flying
A: foul stench 2, powered by death 1, demonic touch 1, strong 1
a: Renounce Religion


You were on level 4 of the Dungeon.
You worshipped Vehumet.
Vehumet was noncommittal.
You visited 2 branches of the dungeon, and saw 5 of its levels.

You collected 225 gold pieces.

Inventory:

Hand Weapons
 g - a +2 dagger of draining (weapon)
 p - a +1 sling of freezing
Armour
 a - a +0 ring mail
 u - a +2 robe of cold resistance (worn)
Jewellery
 k - a ring of poison resistance
 l - a ring of protection from cold
 r - a +6 ring of intelligence (left hand)
 s - an amulet of reflection (around neck)
 v - a +4 ring of protection (right hand)
 y - a ring of see invisible
Wands
 t - a wand of roots (7)
Scrolls
 e - 2 scrolls of enchant weapon
 f - 2 scrolls of magic mapping {unknown}
 h - a scroll of identify {unknown}
 m - 3 scrolls of amnesia {unknown}
 n - 2 scrolls of vulnerability {unknown}
 q - a scroll of enchant armour {unknown}
 w - a scroll of blinking {unknown}
Potions
 c - a potion of flight
 i - a potion of heal wounds {unknown}
 j - a potion of mutation
 o - a potion of haste {unknown}
 x - a potion of cancellation {unknown}
 z - a potion of curing {unknown}


   Skills:
 * Level 4.5 Fighting
 * Level 3.6 Armour
 - Level 1.7 Dodging
 - Level 1.7 Stealth
 + Level 3.7 Spellcasting
 + Level 2.7 Conjurations
 - Level 0.8 Transmutations
 + Level 4.2 Earth Magic


You had 7 spell levels left.
You knew the following spells:

 Your Spells              Type           Power      Damage    Failure   Level
a - Sandblast             Erth           70%        2d15      1%          1
b - Passwall              Tmut/Erth      20%        N/A       6%          2
c - Stone Arrow           Conj/Erth      60%        3d10      8%          3

Your spell library contained the following spells:

 Spells                   Type           Power      Damage    Failure   Level
 Foxfire                  Conj/Fire      60%        2x1d7     6%          1
 Summon Small Mammal      Summ           24%        N/A       11%         1
 Conjure Flame            Conj/Fire      15%        6-21      19%         3
 Call Canine Familiar     Summ           6%         N/A       32%         3
 Frozen Ramparts          Ice            12%        1d2       32%         3
 Inner Flame              Hex/Fire       6%         N/A       32%         3
 Summon Guardian Golem    Hex/Summ       6%         N/A       32%         3
 Petrify                  Tmut/Erth      24%        N/A       36%         4
 Animate Armour           Summ/Erth      42%        N/A       41%         4
 Flame Wave               Conj/Fire      15%        2d7       52%         4
 Ice Form                 Ice/Tmut       9%         N/A       65%         4
 Summon Ice Beast         Ice/Summ       6%         N/A       71%         4
 Lehudib's Crystal Spear  Conj/Erth      15%        10d5      100%        8


Dungeon Overview and Level Annotations

Branches:
Dungeon (4/15) Zot: 19776  Temple (1/1) D:4 Zot: 5826

Altars:
Ashenzari
Dithmenos
Qazlal
Ru
Sif Muna
Uskayaw
Vehumet
Wu Jian
Yredelemnul

Annotations:
D:4 1 runed translucent door, Crazy Yiuf


Innate Abilities, Weirdness & Mutations

You sometimes emit foul miasma when damaged in melee.
You regenerate a little health from kills.
Your touch may inflict minor irresistible damage on your foes.
Your muscles are strong. (Str +4, Int/Dex -1)


Message History

Unknown command.
It was a potion of flight.
You feel very buoyant.
You fly up into the air.
You feel very sick. Something hits you but does no damage.
You are more poisoned.
Unknown command.
As you read the scroll of teleportation, it crumbles to dust.
You feel strangely unstable.
You feel very sick. Something hits you but does no damage.
Unknown command.
It was a potion of mutation.
You feel extremely strange.
You feel stronger.
You feel very sick. Something hits you but does no damage.
You are lethally poisoned!
Unknown command.
Okay, then.
You block something's attack.
* * * LOW HITPOINT WARNING * * *
You feel very sick.
Unknown command.
Unknown command.
* * * LOW HITPOINT WARNING * * *
You feel very sick.
Unknown command.
Unknown command.
Something hits you but does no damage.
You are more poisoned.
Your surroundings suddenly seem different.
Found 12 gold pieces.
* * * LOW HITPOINT WARNING * * *
You feel very sick.
Unknown command.
Unknown command.
It was a potion of brilliance.
You feel clever all of a sudden.
You die...

#...........................#...
#...........................#...
#...........................#...
#...........................#...
#...........................'...
###################.........#...
..........#.........####
..........#.....######..
.$.....@..#.....).......
....##....#.....#....... #+
#....#.....#.......
...##...)#.....#.......
.........).....#.......
.........#.....#.......
.........#.....#.......
######...#.....######..
#...##...... ###


There were no monsters in sight!

Vanquished Creatures
  Grinder (D:4)
  Sigmund (D:3)
  A black bear (D:4)
  2 ogres (D:4)
  A lemure (D:4)
  A hound (D:4)
  An orc wizard (D:3)
  An iguana (D:4)
  5 adders (D:3)
  An ufetubus (D:4)
  A worm (D:3)
  5 dart slugs
  5 orcs
  7 ball pythons
  3 bats
  4 endoplasms
  8 giant cockroaches
  8 goblins
  7 hobgoblins
  4 jackals (D:3)
  2 quokkas
  4 frilled lizards
  6 kobolds
  2 rats
81 creatures vanquished.

Notes
Turn   | Place    | Note
-------+----------+-------------------------------------------
     0 | D:1      | protoss039 the Demonspawn Earth Elementalist began the
                  | quest for the Orb.
     0 | D:1      | Reached XP level 1. HP: 13/13 MP: 3/3
   350 | D:1      | Gained mutation: You regenerate a little health from kills.
                  | [demonic ancestry]
   350 | D:1      | Reached XP level 2. HP: 20/20 MP: 5/5
   532 | D:1      | Reached skill level 1 in Fighting
   617 | D:1      | Learned a level 2 spell: Passwall
  1090 | D:2      | Reached XP level 3. HP: 26/26 MP: 6/6
  1817 | D:2      | Learned a level 3 spell: Stone Arrow
  1996 | D:3      | Gained mutation: Your touch may inflict minor irresistible
                  | damage on your foes. [demonic ancestry]
  1996 | D:3      | Reached XP level 4. HP: 33/33 MP: 3/8
  2122 | D:3      | Reached skill level 1 in Armour
  2401 | D:3      | Noticed Sigmund
  2531 | D:3      | Reached skill level 1 in Conjurations
  2533 | D:3      | Reached XP level 5. HP: 12/39 MP: 2/9
  3026 | D:3      | Killed Sigmund
  3027 | D:3      | Gained mutation: You may rarely emit foul miasma when
                  | damaged in melee. [demonic ancestry]
  3027 | D:3      | Reached XP level 6. HP: 30/47 MP: 3/10
  3359 | D:4      | Found a runed translucent door.
  3360 | D:4      | Noticed Crazy Yiuf
  3401 | D:4      | Found a staircase to the Ecumenical Temple.
  3411 | Temple   | Entered the Ecumenical Temple
  3573 | Temple   | Became a worshipper of Vehumet
  3792 | D:4      | Noticed Grinder
  3810 | D:4      | Killed Grinder
  3811 | D:4      | Gained mutation: You sometimes emit foul miasma when
                  | damaged in melee. [demonic ancestry]
  3811 | D:4      | Reached XP level 7. HP: 44/54 MP: 4/12
  4352 | D:4      | Gained mutation: Your muscles are strong. (Str +4, Int/Dex
                  | -1) [potion of mutation]
  4356 | D:4      | Succumbed to an orc wizard's poison

Illustrated notes

Levels and vault maps discovered:
D:1:      lemuel_arrival_tunnels, layout_basic
D:2:      layout_loops_corners
D:3:      layout_basic, minmay_increasing_density, uniq_sigmund
D:4:      layout_gridville, minmay_temple_entry_arrows, uniq_eustachio,
          uniq_crazy_yiuf_cottage, uniq_pikel, uniq_grinder
Temple:   hellmonk_temple_flake

Skill      XL: |  1  2  3  4  5  6 |
---------------+-------------------+-----
Fighting       | 1 2 3 4 |  4.5
Earth Magic    | 3 4 |  4.2
Armour         | 1 2 3 |  3.6
Conjurations   | 1 2 |  2.7
Spellcasting   | 3 |  3.7
Dodging        | |  1.7
Stealth        | |  1.7
Transmutations | |  0.8

Action                   |  1- 3 |  4- 6 |  7- 9 || total
-------------------------+-------+-------+-------++-------
Melee: Dagger            |    47 |    25 |    11 ||    83
       Touch             |       |     2 |     1 ||     3
       Punch             |       |     2 |       ||     2
 Cast: Sandblast         |    37 |    48 |     7 ||    92
       Stone Arrow       |       |     5 |     9 ||    14
  Use: Scroll            |       |     2 |     1 ||     3
       Potion            |       |     1 |     3 ||     4
 Stab: Sleeping          |     1 |     1 |       ||     2
Armor: Robe              |     3 |     5 |     7 ||    15
       Ring mail         |    23 |    20 |       ||    43
Dodge: Dodged            |    42 |    32 |     6 ||    80
Block: Other             |       |     3 |     5 ||     8
